 Dungeon Crawl Stone Soup version 0.26.1-11-gd32895ea62 (webtiles) character file.

Game seed: 9121425932970525670

142 nothank2 the Firebug (level 5, 0/28 HPs)
             Began as a Gargoyle Fire Elementalist on June 12, 2021.
             Killed by divine providence
             ... invoked by an orc priest
              (10 damage)
             ... on level 2 of the Dungeon.
             The game lasted 00:09:17 (1963 turns).

nothank2 the Firebug (Gargoyle Fire Elementalist)   Turns: 1963, Time: 00:09:19

Health: 0/28       AC:  6    Str: 11    XL:     5   Next: 25%
Magic:  2/9        EV: 12    Int: 17    God:
Gold:   158        SH:  0    Dex: 10    Spells: 5/10 levels left

rFire    . . .     SeeInvis .   e - +0 whip
rCold    . . .     Faith    .   (no shield)
rNeg     + . .     Spirit   .   a - +0 robe
rPois    ∞         Reflect  .   (no helmet)
rElec    +         Harm     .   (no cloak)
rCorr    .         Rampage  .   (no gloves)
Will     .....                  (no boots)
Stlth    ++........             d - amulet of regeneration
HPRegen  0.49/turn              (no ring)
MPRegen  0.11/turn              (no ring)

@: no status effects
A: negative energy resistance 1, electricity resistance, unbreathing,
petrification resistance, miasma immunity, AC +4
a: no special abilities


You were on level 2 of the Dungeon.
You visited 1 branch of the dungeon, and saw 3 of its levels.

You collected 158 gold pieces.

Inventory:

Hand Weapons
 e - a +0 whip (weapon)
Armour
 a - a +0 robe (worn)
Jewellery
 d - an amulet of regeneration (around neck)
 f - an uncursed amulet of magic regeneration {unknown}
Scrolls
 c - a scroll of remove curse {unknown}
 j - 2 scrolls of teleportation {unknown}
 k - 3 scrolls of identify {unknown}
 l - 2 scrolls of immolation {unknown}
 m - a scroll of fog {unknown}
 n - a scroll of random uselessness {unknown}
Potions
 b - a potion of degeneration {unknown}
 g - a potion of mutation {unknown}
 h - a potion of lignification {unknown}
 i - a potion of brilliance {unknown}
 o - a potion of resistance {unknown}


   Skills:
 - Level 1.5 Dodging
 - Level 2.4 Stealth
 + Level 3.1 Spellcasting
 + Level 2.3 Conjurations
 + Level 4.5 Fire Magic


You had 5 spell levels left.
You knew the following spells:

 Your Spells              Type           Power        Failure   Level
a - Foxfire               Conj/Fire      56%          4%          1
b - Sticky Flame          Conj/Fire      14%          38%         4

Your spell library contained the following spells:

 Spells                   Type           Power        Failure   Level
 Conjure Flame            Conj/Fire      14%          13%         3
 Inner Flame              Hex/Fire       10%          21%         3
 Fireball                 Conj/Fire      7%           75%         5


Dungeon Overview and Level Annotations

Branches:
Dungeon (3/15)

Altars:
Cheibriados


Innate Abilities, Weirdness & Mutations

You are resistant to torment.
Your stone body is resilient. (AC +4)
You are immune to poison.
You resist negative energy. (rN+)
You are resistant to electric shocks. (rElec)
You can survive without breathing.
You are immune to petrification.
You are immune to miasma.


Message History

The foxfire hits the orc priest.
The orc priest is moderately wounded.
The foxfire hits the orc priest.
The orc priest is heavily wounded.
The adder barely misses you.
The orc priest hits you with a +0 hand axe.
You hit the orc priest.
The orc priest is severely wounded.
The foxfire hits the adder.
You kill the adder!
The foxfire hits the orc priest.
The orc priest is severely wounded.
The orc priest invokes the aid of Beogh against you.
Pain shoots through your body!
Casting: Foxfire (safe; 4% risk of failure)
Press: ? - help, Q - select action Dir - look around, f - activate You conjure some foxfire!
The orc priest invokes the aid of Beogh against you.
Beogh smites you!
You die...

#.#######.....##.).#
#.........
#.#####.....#.#....#
###.......
............(.#.#..# ########
#######.....###.#..# #
#####..........# #
#........##.#.## #
#.............# #
#........##.#################
###.#######o@v)..............
#.# #.v[...............
#.########.################
#...........# # #####...#...#
#........# #........#
#........# #........#


You could see an orc priest.

Vanquished Creatures
  An orc priest (D:2)
  5 adders (D:2)
  An ooze (D:2)
  A worm (D:2)
  5 dart slugs (D:2)
  2 leopard geckos
  3 orcs (D:2)
  7 hobgoblins
  3 jackals (D:1)
  8 kobolds
  A quokka (D:2)
  5 bats
  3 frilled lizards
  6 rats
51 creatures vanquished.

Vanquished Creatures (others)
  124 foxfires
124 creatures vanquished.

Grand Total: 175 creatures vanquished

Notes
Turn   | Place    | Note
-------+----------+-------------------------------------------
     0 | D:1      | nothank2 the Gargoyle Fire Elementalist began the quest for
                  | the Orb.
     0 | D:1      | Reached XP level 1. HP: 10/10 MP: 3/3
   172 | D:1      | Reached XP level 2. HP: 15/15 MP: 0/5
   760 | D:1      | Reached XP level 3. HP: 19/19 MP: 6/6
  1003 | D:2      | Reached skill level 4 in Fire Magic
  1058 | D:2      | Reached XP level 4. HP: 24/24 MP: 3/7
  1320 | D:2      | Reached XP level 5. HP: 27/28 MP: 3/9
  1465 | D:2      | Learned a level 4 spell: Sticky Flame
  1830 | D:2      | Found a snail-covered altar of Cheibriados.
  1963 | D:2      | Killed from afar by an orc priest

Illustrated notes

Levels and vault maps discovered:
D:1:      dpeg_arrival_water_temple_mockup, layout_basic
D:2:      layout_basic, kennysheep_slug_shrine, mrwooster_statue_mirror
D:3:      layout_rooms, uniq_ijyb

Skill      XL: |  1  2  3  4 |
---------------+-------------+-----
Fire Magic     | 4 |  4.5
Spellcasting   | 3 |  3.1
Conjurations   | 2 |  2.3
Dodging        | |  1.5
Stealth        | |  2.4

Action                   |  1- 3 |  4- 6 || total
-------------------------+-------+-------++-------
Melee: Whip              |    42 |     7 ||    49
 Cast: Foxfire           |    45 |    36 ||    81
 Stab: Sleeping          |     1 |       ||     1
Armor: Robe              |    11 |     4 ||    15
Dodge: Dodged            |    39 |    13 ||    52
